 Dungeon Crawl Stone Soup version 0.29-a0-231-g945431f764 (webtiles) character file.

Game seed: 12231147541465529324

3661 Morbidden the Magician (level 9, -15/74 HPs)
             Began as a Grey Draconian Transmuter on Feb 28, 2022.
             Was a Believer of Cheibriados.
             Collided with a rock wall (16 damage)
             ... caused by Erica
             ... on level 8 of the Dungeon.
             The game lasted 00:23:03 (11536 turns).

Morbidden the Magician (Grey Draconian Transmuter) Turns: 11536, Time: 00:23:03

Health: -15/74     AC: 13    Str: 20    XL:     9   Next: 89%
Magic:  16/19      EV: 14    Int: 20    God:    Cheibriados [**....]
Gold:   395        SH:  0    Dex: 17    Spells: 13/21 levels left

rFire   . . .      SeeInvis .     - Unarmed
rCold   . . .      Faith    .   (no shield)
rNeg    . . .      Spirit   .   (body armour unavailable)
rPois   .          Reflect  .   (helmet restricted)
rElec   .          Harm     .   (no cloak)
rCorr   .          Rampage  .   (no gloves)
Will    .....                   a - +0 pair of boots
Stlth   ++........              (no amulet)
HPRegen 0.22/turn               k - ring of willpower
MPRegen 0.16/turn               (no ring)

@: weak-willed, marked, slowed, very slow
A: AC +12, amphibious, unfitting armour, cold-blooded
a: Renounce Religion, Bend Time


You were on level 8 of the Dungeon.
You worshipped Cheibriados.
Cheibriados was pleased with you.
You visited 2 branches of the dungeon, and saw 9 of its levels.

You collected 395 gold pieces.

Inventory:

Missiles
 c - 150 stones
 m - 26 poisoned darts
 n - 4 atropa-tipped darts
 p - 3 silver boomerangs (quivered)
Armour
 a - a +0 pair of boots (worn)
Magical Staves
 b - a staff of poison
Jewellery
 k - a ring of willpower (left hand)
Wands
 r - a wand of acid (17)
 t - a wand of flame (11)
 w - a wand of paralysis (8)
Scrolls
 d - a scroll of blinking
 e - a scroll of enchant armour
 f - a scroll of amnesia
 h - a scroll of noise
 j - 4 scrolls of identify
 q - 2 scrolls of immolation
 s - a scroll of silence {unknown}
 v - a scroll of magic mapping {unknown}
Potions
 g - a potion of ambrosia
 u - a potion of might
 x - a potion of mutation {unknown}


   Skills:
 * Level 5.5 Fighting
 + Level 0.3 Throwing
 * Level 4.0 Dodging
 + Level 2.3 Stealth
 * Level 5.6 Unarmed Combat
 * Level 6.7 Spellcasting
 + Level 4.8 Transmutations
 - Level 3.0 Air Magic
 * Level 5.4 Poison Magic
 * Level 3.0 Invocations
 + Level 1.6 Evocations


You had 13 spell levels left.
You knew the following spells:

 Your Spells              Type           Power      Damage    Failure   Level
a - Sting                 Tmut/Pois      100%       1d8       1%          1
b - Poisonous Vapours     Pois/Air       46%        N/A       2%          2
c - Olgreb's Toxic Radia  Pois           28%        N/A       11%         4
z - Beastly Appendage     Tmut           52%        N/A       1%          1

Your spell library contained the following spells:

 Spells                   Type           Power      Damage    Failure   Level
 Wereblood                Tmut           26%        N/A       1%          2
 Spider Form              Tmut/Pois      27%        N/A       3%          3
 Gell's Gravitas          Tloc           6%         N/A       28%         3
 Lesser Beckoning         Tloc           6%         N/A       28%         3
 Teleport Other           Tloc           6%         N/A       28%         3
 Ice Form                 Ice/Tmut       16%        N/A       34%         4


Dungeon Overview and Level Annotations

Branches:
Dungeon (8/15)             Temple (1/1) D:5
   Lair: D:8-11

Altars:
Ashenzari
Cheibriados
Dithmenos
Elyvilon
Fedhas
Gozag
Hepliaklqana
Kikubaaqudgha
Makhleb
Nemelex Xobeh
Qazlal
Ru
Sif Muna
Uskayaw
Vehumet
Wu Jian
Xom
Yredelemnul
Zin
The Shining One

Shops:
D:3 *

Annotations:
D:8 Erica, Psyche


Innate Abilities, Weirdness & Mutations

Your dull iron-grey scales are very hard. (AC +12)
You are amphibious.
You cannot fit into any form of body armour.
You are cold-blooded and may be slowed by cold attacks.


Message History

Unknown command.
Unknown command.
Unknown command.
Unknown command.
Unknown command.
Aiming: Corrosive Bolt
Press: ? - help, Shift-Dir - straight line The bolt of acid misses Harold.
The bolt of acid hits the two-headed ogre!
The acid corrodes the two-headed ogre!
The two-headed ogre is heavily wounded.
Psyche looks even sicker.
You kill the orc!
Cheibriados thoroughly appreciates the change of pace.
The orc is poisoned.
Your toxic aura wanes.
Something hits you!
* * * LOW HITPOINT WARNING * * *
Something burns you.
* * * LOW HITPOINT WARNING * * *
Unknown command.
Unknown command.
Unknown command.
Unknown command.
Aiming: Corrosive Bolt
Press: ? - help, Shift-Dir - straight line The bolt of acid hits Harold!
You kill Harold!
Cheibriados thoroughly appreciates the change of pace.
Harold gasps with his last breath, "I wish I had worked less..."
The bolt of acid misses Psyche.
The bolt of acid hits the two-headed ogre!
The two-headed ogre is almost dead.
You hear some strange, mumbled words.
A lance of force appears from out of thin air!
The lance of force hits you!
* * * LOW HITPOINT WARNING * * *
You are knocked back by the lance of force.
You slam into the rock wall!
You die...

#########
#.....@.#
##......#
#.....(#
#...)..#
#...@{)#
#.)....#
#))O...#
#......#
..o.....#


You could see a two-headed ogre (poisoned, corroded) and Psyche (strong, very
poisoned).

Vanquished Creatures
  Harold (D:8)
  Maggie (D:6)
  A troll (D:8)
  Prince Ribbit (D:8)
  Sigmund (D:6)
  2 steam dragons (D:6)
  Menkaure (D:7)
  2 orc warriors
  A black bear (D:5)
  A sky beast (D:5)
  An ice beast (D:7)
  An ogre (D:4)
  A phantom (D:4)
  Blork the orc (D:5)
  A kobold brigand (D:7)
  A bullfrog (D:7)
  A necrophage (D:5)
  5 scorpions
  5 wights (D:4)
  Dowan (D:7)
  2 howler monkeys
  3 jellies
  2 hounds
  A gnoll shaman (D:6)
  3 orc priests
  An iguana (D:6)
  7 orc wizards
  Natasha (thrice) (D:4)
  Robin (D:2)
  8 gnolls
  4 adders
  2 shadow imps
  A white imp (D:6)
  An ufetubus (D:5)
  4 worms
  A dart slug (D:2)
  22 orcs
  4 bats
  7 endoplasms
  3 giant cockroaches
  12 goblins
  10 hobgoblins
  3 jackals (D:3)
  15 kobolds
  3 quokkas
  3 ball pythons
  3 frilled lizards
  7 rats
166 creatures vanquished.

Vanquished Creatures (collateral kills)
  Duvessa (D:7)
1 creature vanquished.

Vanquished Creatures (others)
  2 orcs (D:8)
  8 plants
10 creatures vanquished.

Grand Total: 177 creatures vanquished

Notes
Turn   | Place    | Note
-------+----------+-------------------------------------------
     0 | D:1      | Morbidden the Draconian Transmuter began the quest for the
                  | Orb.
     0 | D:1      | Reached XP level 1. HP: 16/16 MP: 3/3
   180 | D:1      | Reached XP level 2. HP: 23/23 MP: 3/5
   204 | D:1      | Found a faded altar of an unknown god.
   216 | D:1      | Learned a level 1 spell: Sting
   219 | D:1      | Learned a level 2 spell: Poisonous Vapours
  1159 | D:2      | Reached XP level 3. HP: 29/29 MP: 1/6
  1970 | D:2      | Noticed Robin
  2628 | D:2      | Reached XP level 4. HP: 30/36 MP: 0/7
  2654 | D:2      | Killed Robin
  4202 | D:3      | Reached XP level 5. HP: 18/41 MP: 4/9
  4449 | D:3      | Reached skill level 3 in Spellcasting
  4584 | D:3      | Found Waryd's General Store.
  4985 | D:4      | Reached skill level 1 in Stealth
  5187 | D:4      | Noticed Natasha
  5198 | D:4      | Killed Natasha
  5199 | D:4      | Reached XP level 6. HP: 43/50 MP: 1/10
  5554 | D:4      | Noticed Natasha
  5568 | D:4      | Reached skill level 1 in Air Magic
  5569 | D:4      | Killed Natasha
  5570 | D:4      | Reached skill level 1 in Poison Magic
  5597 | D:4      | Noticed Natasha
  5604 | D:4      | Killed Natasha
  5737 | D:4      | Your scales start taking on a dull iron-grey colour.
  5737 | D:4      | Reached XP level 7. HP: 56/56 MP: 4/12
  6404 | D:5      | Entered Level 5 of the Dungeon
  6434 | D:5      | Noticed Blork the orc
  6458 | D:5      | Killed Blork the orc
  6459 | D:5      | Reached skill level 4 in Spellcasting
  6578 | D:5      | Reached XP level 8. HP: 41/63 MP: 3/14
  6723 | D:5      | Found a radiant altar of Vehumet.
  7213 | D:5      | Found a staircase to the Ecumenical Temple.
  7233 | Temple   | Entered the Ecumenical Temple
  7330 | Temple   | Became a worshipper of Cheibriados the Contemplative
  7707 | D:5      | Identified the +5 trident of Ocraric {spect, MP+9 Int+5
                  | Dex+4}
  7929 | D:5      | Found a white marble altar of Elyvilon.
  8038 | D:6      | Reached skill level 5 in Spellcasting
  8042 | D:6      | Identified the +6 rapier of Bile {holy, Will- Dex+10 SInv}
  8247 | D:6      | Learned a level 4 spell: Olgreb's Toxic Radiance
  9134 | D:6      | Reached skill level 5 in Unarmed Combat
  9158 | D:6      | Reached * piety under Cheibriados
  9232 | D:6      | Found a shimmering altar of Xom.
  9233 | D:6      | Found a shimmering altar of Xom.
  9234 | D:6      | Found a shimmering altar of Xom.
  9235 | D:6      | Found a shimmering altar of Xom.
  9412 | D:6      | Reached skill level 1 in Invocations
  9489 | D:6      | Noticed Sigmund
  9499 | D:6      | Killed Sigmund
  9500 | D:6      | Reached XP level 9. HP: 13/72 MP: 6/17
 10202 | D:6      | Noticed Maggie
 10217 | D:6      | Killed Maggie
 10705 | D:7      | Found an ancient bone altar of Kikubaaqudgha.
 10712 | D:7      | Found a broken altar of Ashenzari.
 10814 | D:7      | Noticed Dowan
 10817 | D:7      | Noticed Duvessa
 10824 | D:7      | Killed Dowan
 10825 | D:7      | Reached skill level 5 in Fighting
 10831 | D:7      | Killed Duvessa
 10832 | D:7      | Reached skill level 6 in Spellcasting
 10832 | D:7      | Reached skill level 5 in Poison Magic
 11092 | D:7      | Noticed Menkaure
 11097 | D:7      | Killed Menkaure
 11104 | D:7      | Reached skill level 1 in Evocations
 11211 | D:7      | Reached ** piety under Cheibriados
 11423 | D:8      | Noticed a troll
 11423 | D:8      | Noticed a two-headed ogre
 11437 | D:8      | Killed a troll
 11494 | D:8      | Noticed Prince Ribbit
 11497 | D:8      | Noticed Harold
 11507 | D:8      | Killed Prince Ribbit
 11513 | D:8      | Noticed Erica
 11527 | D:8      | Noticed Psyche
 11536 | D:8      | Killed Harold
 11536 | D:8      | HP: 1/74 [something/lance of force (12)]
 11536 | D:8      | Collided with a rock wall

Illustrated notes

Levels and vault maps discovered:
D:1:      dpeg_arrival_rooms_c, layout_basic,
          shapermc_ecumenical_altar_mp_urbaneastern
D:2:      layout_loops_ring, uniq_robin
D:3:      layout_rooms, serial_shops, shop
D:4:      layout_basic, kennysheep_pointless_box, uniq_natasha
D:5:      black_bear_nest_1, layout_basic, nicolae_overflow_hidden_temple,
          vehumet_altar_wand_db, minmay_temple_entry_water_ring, serial_bayou,
          serial_bayou_crossing, serial_bayou_ford_a, serial_bayou_lagoon_a,
          serial_bayou_shore_b, serial_bayou_pond_c, serial_bayou_shore_b,
          uniq_blork_the_orc
D:6:      cheibrodos_steamvent, layout_basic, xom_redecorated,
          item_on_display_a, uniq_sigmund, uniq_maggie
D:7:      layout_basic, mainiacjoe_overflow_catwalk_spiral, uniq_duvessa,
          uniq_menkaure
D:8:      layout_rooms, mainiacjoe_overflow_alcove_2, kb_rosetta,
          uniq_prince_ribbit1, uniq_harold, uniq_grum, uniq_psyche, uniq_erica
Temple:   nicolae_temple_no_exploring_needed

Skill      XL: |  1  2  3  4  5  6  7  8  9 |
---------------+----------------------------+-----
Fighting       | 2 3 4 5 |  5.5
Dodging        | 2 3 4 |  4.0
Transmutations | 3 4 |  4.8
Spellcasting   | 3 4 5 6 |  6.7
Stealth        | 1 2 |  2.3
Unarmed Combat | 4 5 |  5.6
Air Magic      | 1 2 3 |  3.0
Poison Magic   | 2 3 4 5 |  5.4
Invocations    | 1 3 |  3.0
Evocations     | 1 |  1.6
Throwing       | |  0.3

Action                   |  1- 3 |  4- 6 |  7- 9 || total
-------------------------+-------+-------+-------++-------
Melee: Unarmed           |    47 |    36 |   185 ||   268
       Kick              |     5 |     4 |    25 ||    34
       Tailslap          |     9 |    10 |    31 ||    50
       Headbutt          |     2 |     2 |    17 ||    21
       Staff             |    16 |    54 |     5 ||    75
       Punch             |       |     2 |     8 ||    10
Throw: Boomerang         |       |       |    13 ||    13
 Cast: Beastly Appendage |    16 |     6 |    17 ||    39
       Sting             |    55 |   104 |    96 ||   255
       Poisonous Vapours |       |     3 |    40 ||    43
       Olgreb's Toxic Ra |       |       |    11 ||    11
Evoke: Wand              |       |       |    16 ||    16
  Use: Potion            |       |     2 |     3 ||     5
       Scroll            |       |       |    11 ||    11
Armor: Skin              |    42 |    42 |    89 ||   173
Dodge: Dodged            |    56 |    84 |   182 ||   322

Table legend: (Time is in decaauts)
 A = Elapsed time spent in this place.
 B = Non-inter-level travel time spent in this place.
 C = Inter-level travel time spent in this place.
 D = Time resting spent in this place.
 E = Time spent auto-exploring this place.
 F = Levels seen in this place.
 G = Mean time per level.
                   A        B        C        D        E       F      G
               +--------+--------+--------+--------+--------+-----+--------+
         Total |  12140 |  11849 |    291 |   2528 |   7575 |   9 | 1348.9 |
       Dungeon |  12035 |  11751 |    284 |   2528 |   7484 |   8 | 1504.4 |
        Temple |    105 |     99 |      6 |      0 |     91 |   1 |  105.0 |
               +--------+--------+--------+--------+--------+-----+--------+

Top non-repeatable levels by time:
     D:2: 2349 daAuts
     D:6: 2344 daAuts
     D:5: 2032 daAuts
     D:4: 1490 daAuts
     D:1: 1311 daAuts
     D:3: 1263 daAuts
     D:7: 1108 daAuts
     D:8: 133 daAuts
  Temple: 105 daAuts
